[Event "I Liga Centralne Srbije"]
[Site "Bajina Bašta, Serbia"]
[Date "2020.10.14"]
[Round "7.1"]
[White "Budisavljevic, Luka"]
[Black "Ivic, Velimir"]
[Result "1-0"]
[ECO "D36"]
[WhiteElo "2454"]
[BlackElo "2548"]
[Annotator "Knez"]
[PlyCount "307"]
[EventDate "2020.??.??"]
[TimeControl "90"]

1. Nf3 Nf6 2. c4 e6 3. d4 d5 4. Nc3 Be7 5. cxd5 exd5 6. Bg5 c6 7. Qc2 g6 8. e3 Bf5 9. Bd3 Bxd3 10. Qxd3 Nbd7 11. O-O O-O 12. Rab1 a5 13. Rfc1 Re8 14. Nd2 Nf8 15. Na4 Ne6 16. Bh4 Nh5 17. Bxe7 Qxe7 18. a3 f5 19. Nf3 Nf6 20. g3 Ne4 21. Ne5 g5 22. Nc3 g4 23. Nxe4 fxe4 24. Qe2 Kh8 25. Qxg4 Rg8 26. Qh3 Raf8 27. b4 Ng5 28. Qg2 Qe6 29. Rc2 axb4 30. axb4 Nh3+ 31. Kf1 Ng5 32. Kg1 Rf6 33. b5 c5 34. Kh1 c4 35. Ra1 Nf3 36. Nxf3 exf3 37. Qf1 Rh6 38. Rca2 Qd7 39. Ra5 Rg5 40. Ra8+ Kg7 41. Qg1 Qxb5 42. h4 Rgg6 43. Rb1 Qd7 44. Ra7 Rb6 45. Kh2 Qc7 46. Kh1 c3 47. Rc1 c2 48. Ra2 Rhc6 49. Qe1 Rb1 50. e4 Rxc1 51. Qxc1 dxe4 52. d5 Qd7 53. Kh2 Qxd5 54. Rxc2 Rxc2 55. Qxc2 h5 56. Qc7+ Kf6 57. Qf4+ Ke6 58. Qh6+ Kd7 59. Qg7+ Kc6 60. Qf6+ Kc5 61. Qc3+ Kb5 62. Qb2+ Kc5 63. Qc3+ Kb5 64. Qb2+ Kc6 65. Qf6+ Qd6 66. Qf5 Qb4 67. Qg6+ Kc7 68. Qxh5 Qe1 69. Qc5+ Kb8 70. Kh3 Qd2 71. Qe5+ Kc8 72. Qxe4 Qxf2 73. Kg4 b5 74. Qc6+ Kd8 75. Qd5+ Ke8 76. Qxb5+ Kf8 77. Qf5+ Kg7 78. Qxf3 Qd4+ 79. Kh3 Qg1 80. h5 Kh6 81. Kg4 Kg7 82. Qb7+ Kg8 83. Qd5+ Kg7 84. Qe5+ Kg8 85. Qe6+ Kg7 86. Qd7+ Kh6 87. Qd2+ Kh7 88. Qd3+ Kg7 89. Qg6+ Kh8 90. Qe8+ Kh7 91. Qe4+ Kg7 92. Kh3 Qf1+ 93. Kh4 Qf6+ 94. Kg4 Qd6 95. Kh3 Qf8 96. Qe5+ Kh7 97. Qe4+ Kg7 98. Qd4+ Kh7 99. Qd3+ Kg7 100. g4 Qf6 101. Qd7+ Kh6 102. Qd2+ Kh7 103. Qc2+ Kh6 104. Qc1+ Kh7 105.
Qe3 Qf7 106. Kh4 Qf1 107. Qe4+ Kg7 108. Qe7+ Kg8 109. Qd8+ Kh7 110. Qd7+ Kg8 111. Qd5+ Kg7 112. Qd7+ Kg8 113.
Kg5 Qc1+ 114. Kg6 Qb1+ 115. Qf5 Qb6+ 116. Qf6 Qb1+ 117. Kh6 Qh7+ 118. Kg5 Qd7 119. Qg6+ Kh8 120. Qf5 Qg7+ 121.
Kf4 Qd4+ 122. Qe4 Qf2+ 123. Kg5 Qd2+ 124. Kf5 Qd7+ 125. Kg5 Qd8+ 126. Kf4 Qd2+ 127. Kg3 Qc3+ 128. Kh4 Qf6+ 129.
g5 Qf2+ 130. Kg4 Qg1+ 131.
Kf5 Qf2+ 132. Qf4 Qc2+ 133. Qe4 Qf2+ 134. Ke5 Qc5+ 135. Qd5 Qe3+ 136. Kd6 Qb6+ 137. Kd7 Qa7+ 138. Ke8 Qa4+ 139.
Kd8 Qf4 140. h6 Qf8+ 141. Kd7 Qf7+ 142. Kc6 Qg6+ 143. Kb5 Qb1+ 144. Ka6 Qa1+ 145. Kb7 Qb2+ 146. Kc8 Qc2+ 147.
Kd8 Qc3 148. Kd7 Qh3+ 149. Kd6 Qa3+ 150. Ke6 Qa6+ 151. Ke5 Qe2+ 152. Kf6 Qf1+ 153. Qf5 Qc1 154. Qe5 1-0

[Event "I Liga Centralne Srbije"]
[Site "Bajina Bašta, Serbia"]
[Date "2020.10.14"]
[Round "7.1"]
[White "Perunovic, Miodrag"]
[Black "Maksimovic, Bojan"]
[Result "0-1"]
[ECO "B23"]
[WhiteElo "2440"]
[BlackElo "2398"]
[Annotator "Knez"]
[PlyCount "166"]
[EventDate "2020.??.??"]
[TimeControl "90"]
[WhiteClock "0:03:56"]
[BlackClock "0:02:59"]

1. e4 c5 2. Nc3 Nc6 3. Bb5 g6 4. Bxc6 bxc6 5. d3 Bg7 6. f4 d6 7. Nf3 f5 8. e5 Nh6 9. O-O O-O 10. Kh1 Qc7 11. Qe2 Nf7 12. Re1 Nd8 13.
Na4 Ne6 14. Qf2 Bd7 15. Bd2 Rae8 16. Re2 a5 17. Rae1 Qa7 18. Qh4 Nd4 19. Nxd4 cxd4 20. b3 c5 21. Nb2 a4 22. Nd1 axb3 23. axb3 Bc6 24. Nf2 Qb7 25. Nh3 h6 26. Kg1 Qd7 27. Qg3 Kh7 28. b4 e6 29. exd6 Qxd6 30. bxc5 Qxc5 31. Qh4 Bd5 32. Rc1 Bf6 33. Qe1 Rb8 34. Nf2 Rfc8 35. Nd1 Rc6 36. Kf1 Qd6 37. Qf2 Rbc8 38. Be1 Qa3 39. Rb1 Rxc2 40. Rd2 Rc1 41. Rb6 Qc5 42. Ra6 Qb5 43. Ra7+ R8c7 44. Rxc7+ Rxc7 45. Qe2 Rc1 46. Nb2 Qb3 47. Nd1 Qb7 48. Nb2 Qc6 49. Rd1 Rc2 50. Rd2 Rc1 51. Rd1 Rxd1 52. Nxd1 Qc7 53. Qd2 Be7 54. Bf2 Bd6 55. Bxd4 Bxf4 56. Be3 Bxe3 57. Nxe3 Qxh2 58. Qb4 Qc7 59. Qd4 Qg7 60. Qc5 Qa1+ 61. Kf2 Qb2+ 62. Kg1 Qb1+ 63. Kh2 Qb8+ 64. Kg1 Qb7 65. Kh2 g5 66. Qf8 Qc7+ 67. Kg1 Qa7 68. Kh2 Qg7 69. Qd6 Qb7 70. Qf8 Qc7+ 71. Kg1 Qg7 72. Qd6 Qa7 73. Kh2 Qxe3 74. Qe7+ Kg6 75. Qe8+ Kf6 76. Qh8+ Ke7 77. Qg7+ Kd6 78. d4 Qf4+ 79. Kg1 Qc1+ 80. Kh2 Qc7 81. Qf8+ Kd7+ 82. Kg1 Qc1+ 83. Kh2 Qf4+ 0-1

[Event "I Liga Centralne Srbije"]
[Site "Bajina Bašta, Serbia"]
[Date "2020.10.14"]
[Round "7.1"]
[White "Jovanovic, Dusan D"]
[Black "Pavlovic, Dejan S"]
[Result "1/2-1/2"]
[ECO "A12"]
[WhiteElo "2412"]
[BlackElo "2390"]
[Annotator "Knez"]
[PlyCount "55"]
[EventDate "2020.??.??"]
[TimeControl "90"]

1. Nf3 d5 2. b3 Bg4 3. e3 Nd7 4. Bb2 Ngf6 5. Be2 e6 6. c4 c6 7. Nc3 Bd6 8. cxd5 cxd5 9. h3 Bxf3 10. Bxf3 O-O 11. O-O Qa5 12. a3 b5 13. e4 d4 14. Ne2 d3 15. Nc3 Rad8 16. g3 Qb6 17. Kh2 Bc5 18.
Qe1 Bd4 19. Rb1 e5 20. g4 h6 21. h4 Nc5 22. Nd5 Rxd5 23. exd5 Bxb2 24. Rxb2 e4 25. Bd1 Qd6+ 26. f4 Qxd5 27. g5 Ne8 28. b4 1/2-1/2

[Event "I Liga Centralne Srbije"]
[Site "Bajina Bašta, Serbia"]
[Date "2020.10.14"]
[Round "7.1"]
[White "Radovanovic, Dusan"]
[Black "Ivanovic, Marko"]
[Result "1-0"]
[ECO "C45"]
[WhiteElo "2326"]
[BlackElo "2277"]
[Annotator "Knez"]
[PlyCount "135"]
[EventDate "2020.??.??"]
[TimeControl "90"]
[WhiteClock "0:03:04"]
[BlackClock "0:01:45"]

1. e4 e5 2. Nf3 Nc6 3. Bc4 g6 4. d4 exd4 5. Nxd4 Bg7 6.
Nxc6 bxc6 7. Nc3 Ne7 8. Be3 d6 9. Bd4 O-O 10. Bxg7 Kxg7 11.
Qd4+ Kg8 12. O-O Be6 13. Rad1 Rb8 14. Bxe6 fxe6 15. b4 g5 16. Qc4 Qd7 17. Na4 Ng6 18. Nc5 Qf7 19. Nd3 Nf4 20. Nxf4 gxf4 21. a3 f3 22. g3 Rb5 23. Rfe1 Qg6 24. e5 d5 25. Qxc6 Rb6 26. Qc3 Qg4 27. Qd3 Rc6 28. Re3 Rf5 29. h3 Qxh3 30. Qf1 Qh6 31.
Rd4 Rh5 32. Rh4 Rxh4 33. gxh4 Rxc2 34. Qh3 Qg6+ 35. Qg3 Qxg3+ 36. fxg3 Rg2+ 37. Kf1 Rxg3 38. Rc3 Rg7 39. Rc6 Re7 40. Kf2 Kf7 41. Kxf3 Kg6 42. b5 Kf5 43. Ra6 Kxe5 44. Rxa7 Kd6 45. a4 Kc5 46. Rb7 Kd6 47. a5 Rf7+ 48. Ke3 Rf1 49. a6 Ra1 50. Kd3 e5 51.
Rb8 Kc5 52. Rb7 Ra3+ 53. Kc2 e4 54. Rxc7+ Kxb5 55. a7 d4 56. Rxh7 e3 57. Rd7 Kc4 58. Rc7+ Kd5 59. h5 d3+ 60. Kb2 Ra6 61. Rd7+ Kc4 62. Rc7+ Kb5 63. Rb7+ Kc5 64. Rc7+ Kb6 65. Re7 d2 66. Re6+ Kxa7 67. Rxa6+ Kxa6 68. Kc2 1-0

[Event "I Liga Centralne Srbije"]
[Site "Bajina Bašta, Serbia"]
[Date "2020.10.14"]
[Round "7.1"]
[White "Djordjevic, Nebojsa"]
[Black "Radivojevic, Ivan"]
[Result "1/2-1/2"]
[ECO "E11"]
[WhiteElo "2255"]
[BlackElo "2365"]
[Annotator "Knez"]
[PlyCount "37"]
[EventDate "2020.??.??"]
[TimeControl "90"]
[WhiteClock "0:34:34"]
[BlackClock "1:28:49"]

1. d4 Nf6 2. c4 e6 3. Nf3 Bb4+ 4. Bd2 Qe7 5. e3 O-O 6. Be2 Bxd2+ 7. Qxd2 d6 8. O-O e5 9. dxe5 dxe5 10. Nc3 Rd8 11. Qc2 c6 12. Rfd1 Re8 13. a3 Bg4 14. Nd2 Bxe2 15. Nxe2 Nbd7 16. Ng3 Red8 17. Nde4 Nxe4 18. Nxe4 Nf6 19. Nxf6+ 1/2-1/2

[Event "I Liga Centralne Srbije"]
[Site "Bajina Bašta, Serbia"]
[Date "2020.10.14"]
[Round "7.1"]
[White "Marcetic, Nikola"]
[Black "Maksimovic, Boban"]
[Result "1/2-1/2"]
[ECO "A47"]
[WhiteElo "2329"]
[BlackElo "2216"]
[Annotator "Knez"]
[PlyCount "24"]
[EventDate "2020.??.??"]
[TimeControl "90"]
[WhiteClock "1:21:12"]
[BlackClock "0:55:35"]

1. d4 Nf6 2. Bg5 e6 3. e3 Be7 4. Bd3 b6 5. Nf3 Bb7 6. O-O d6 7. Nbd2 Nbd7 8. Re1 h6 9. Bxf6 Bxf6 10. c3 O-O 11. e4 e5 12. dxe5 dxe5 1/2-1/2

[Event "I Liga Centralne Srbije"]
[Site "Bajina Bašta, Serbia"]
[Date "2020.10.14"]
[Round "7.5"]
[White "Celik, Hasan Huseyin"]
[Black "Ristic, Nebojsa B"]
[Result "1/2-1/2"]
[ECO "B06"]
[WhiteElo "1970"]
[BlackElo "2312"]
[Annotator "Knez"]
[PlyCount "109"]
[EventDate "2020.??.??"]
[TimeControl "90"]
[WhiteClock "0:02:57"]
[BlackClock "0:04:13"]

1. e4 d6 2. d4 g6 3. Nc3 Bg7 4. Be3 a6 5. h4 h6 6. a4 Nf6 7. f3 Nc6 8. Qd2 b6 9. Nge2 Bb7 10. g4 e6 11. Ng3 Ne7 12. Be2 d5 13. O-O-O Nd7 14. Rhf1 c5 15. f4 Qc7 16. Kb1 O-O-O 17. exd5 Nxd5 18. Nxd5 exd5 19. a5 c4 20. axb6 Nxb6 21. Rde1 Na4 22. c3 Rhe8 23. Bd1 Bc6 24. h5 Qb8 25. Qc2 Re7 26. Bc1 Rb7 27. hxg6 fxg6 28. Re6 Rd6 29. Rfe1 Rb3 30. Qxg6 Nxc3+ 31. Kc2 Nxd1 32. Kxd1 Rxg3 33. Re8+ Bxe8 34. Rxe8+ Rd8 35. Qe6+ Kb7 36. Re7+ Qc7 37. Rxc7+ Kxc7 38. f5 Rd3+ 39. Kc2 Rf3 40. Bd2 Rf2 41. Qe3 Rg2 42. Qf3 Rxd2+ 43. Kxd2 Rd6 44. Qe3 Kd7 45. Kc2 Rb6 46. Qd2 Rd6 47. Qf4 Rb6 48. Qf3 Rd6 49. Kc3 Bf6 50. Qh1 Ke7 51. Qh2 Kd7 52. Qf4 Bg5 53. Qe5 Bf6 54. Qf4 Bg5 55. Qe5 1/2-1/2

[Event "I Liga Centralne Srbije"]
[Site "Bajina Bašta, Serbia"]
[Date "2020.10.14"]
[Round "7.5"]
[White "Marinkovic, Ivan"]
[Black "Djordjevic, Miroslav"]
[Result "1-0"]
[ECO "B11"]
[WhiteElo "2451"]
[BlackElo "1885"]
[Annotator "Knez"]
[PlyCount "97"]
[EventDate "2020.??.??"]
[TimeControl "90"]
[WhiteClock "0:01:57"]
[BlackClock "0:17:36"]

1. e4 c6 2. Nc3 d5 3. Nf3 dxe4 4. Nxe4 Nf6 5. Qe2 Nxe4 6. Qxe4 Nd7 7. Bc4 Nf6 8. Ne5 e6 9. Qe2 Bd6 10. d4 O-O 11. O-O Nd5 12. Bb3 Qc7 13.
c4 Bxe5 14. Qxe5 Qxe5 15. dxe5 Ne7 16. Rd1 b6 17. c5 Nd5 18. Be3 Rb8 19. Rac1 Bd7 20. Bd4 b5 21. Bc3 Rfc8 22. Ba5 Be8 23.
g3 Rb7 24. Rd4 f5 25. exf6 gxf6 26. Re1 Re7 27. Bxd5 cxd5 28. Rxd5 exd5 29. Rxe7 Bf7 30. Bc3 Rxc5 31. Bxf6 Rc6 32. Bc3 a6 33. a3 Rc4 34. Bf6 Rc6 35. Be5 Re6 36. Rxe6 Bxe6 37. f3 Kf7 38. g4 Bd7 39. Kf2 Ke6 40. Bd4 Kf7 41. Kg3 Kg6 42. b4 Kg5 43. f4+ Kg6 44. f5+ Kf7 45.
Kf4 Bc8 46. g5 Bd7 47. h4 Bc8 48. h5 Bd7 49. g6+ 1-0

[Event "I Liga Centralne Srbije"]
[Site "Bajina Bašta, Serbia"]
[Date "2020.10.14"]
[Round "7.5"]
[White "Milic, Slobodan"]
[Black "Novoselski, Zoran"]
[Result "0-1"]
[ECO "A40"]
[WhiteElo "1888"]
[BlackElo "2318"]
[Annotator "Knez"]
[PlyCount "76"]
[EventDate "2020.??.??"]
[TimeControl "90"]

1. d4 e6 2. c4 b6 3. Bf4 Bb7 4. Nf3 f5 5. e3 Nf6 6. Nc3 Bb4 7. Qb3 a5 8. a3 Bxc3+ 9. Qxc3 Ne4 10. Qc2 d6 11. h4 Nd7 12. Ng5 Qe7 13. Nxe4 Bxe4 14. Qc3 e5 15. Bg5 Qf7 16. h5 h6 17. Bh4 O-O 18. f3 Bb7 19. Bf2 e4 20.
f4 Nf6 21. Be2 d5 22. b3 a4 23. b4 dxc4 24. Bxc4 Bd5 25. Be2 Rfc8 26. Rc1 Kh8 27. Kf1 Qe8 28. Kg1 c6 29. g3 Bf7 30. Rh4 Bxh5 31. Bxh5 Nxh5 32. g4 fxg4 33. Rxg4 Qe6 34. Rh4 Nf6 35. Kg2 Ra7 36. Rch1 Rac7 37. Qc2 c5 38. dxc5 bxc5 0-1

[Event "I Liga Centralne Srbije"]
[Site "Bajina Bašta, Serbia"]
[Date "2020.10.14"]
[Round "7.5"]
[White "Gavrilovic, Leonardo"]
[Black "Banjovic, Sasa"]
[Result "0-1"]
[ECO "A96"]
[WhiteElo "2246"]
[BlackElo "2121"]
[Annotator "Knez"]
[PlyCount "112"]
[EventDate "2020.??.??"]
[TimeControl "90"]

1. Nf3 f5 2. c4 Nf6 3. g3 d6 4. d4 e6 5. Nc3 Be7 6. Qc2 O-O 7. Bg2 a5 8. O-O Nc6 9. Rd1 Qe8 10. e4 e5 11. dxe5 dxe5 12. exf5 Qh5 13. Nh4 Nd4 14. Qd3 Nxf5 15. Nxf5 Bxf5 16. Qe2 Qxe2 17. Nxe2 c6 18. Be3 Ng4 19. Nc3 Nxe3 20. fxe3 Bc5 21. Re1 Bd3 22. b3 Bb4 23. Rac1 Rad8 24. Na4 Bxe1 25. Rxe1 Bf5 26. Nc5 Rf7 27. Be4 Bxe4 28. Nxe4 Rd3 29. Kg2 b6 30. Re2 Kf8 31. Ng5 Rfd7 32. Nxh7+ Ke7 33. Ng5 a4 34. Ne4 axb3 35. axb3 Rxb3 36. h4 Rd1 37. Kf3 Rc1 38. c5 b5 39. g4 Rf1+ 40. Kg3 Rf8 41. h5 Ke6 42. Kh4 Kd5 43.
Ng5 Re8 44. Rd2+ Kxc5 45. Rd7 Rxe3 46. Rxg7 Re1 47. h6 Rh1+ 48. Nh3 e4 49. h7 Rh8 50. g5 e3 51. g6 e2 52. Re7 e1=Q+ 53.
Rxe1 Rxe1 54. Ng5 Re7 55. Nf7 Rxf7 56. Kh5 Re7 0-1

[Event "I Liga Centralne Srbije"]
[Site "Bajina Bašta, Serbia"]
[Date "2020.10.14"]
[Round "7.5"]
[White "Dimitrijevic, Zoran"]
[Black "Roljevic, Djordje"]
[Result "1/2-1/2"]
[ECO "E19"]
[WhiteElo "2088"]
[BlackElo "2177"]
[Annotator "Knez"]
[PlyCount "94"]
[EventDate "2020.??.??"]
[TimeControl "90"]
[WhiteClock "0:36:27"]
[BlackClock "0:53:35"]

1. Nf3 Nf6 2. d4 e6 3. c4 b6 4. g3 Bb7 5. Bg2 c5 6. e3 Be7 7. O-O O-O 8. Nc3 Ne4 9. Qc2 Nxc3 10. Qxc3 Bf6 11. Rd1 Qc7 12. b3 Nc6 13. Bb2 Rac8 14. Rac1 Nb4 15. Ra1 Be4 16. Ne1 Bxg2 17. Nxg2 Rfd8 18. a3 Nc6 19. Rac1 d5 20. Qc2 dxc4 21. Qxc4 Qb7 22. d5 Bxb2 23. dxc6 Qxc6 24. Rb1 Bxa3 25. Qa6 Bb2 26. Qxa7 Bf6 27. Qa2 g6 28. Qe2 b5 29. Ne1 c4 30. bxc4 bxc4 31. Nc2 Qa4 32. Rxd8+ Bxd8 33. Kg2 Qa2 34. Rb7 c3 35. Rd7 Bf6 36. Qd3 Qc4 37. Qxc4 Rxc4 38. Kf3 Ra4 39. Ke2 Ra2 40. Kd1 Rb2 41. Kc1 h5 42. Rc7 Kf8 43. h4 Ke8 44. f4 e5 45. f5 e4 46. fxg6 fxg6 47. Rc4 Rb5 1/2-1/2

[Event "I Liga Centralne Srbije"]
[Site "Bajina Bašta, Serbia"]
[Date "2020.10.14"]
[Round "7.6"]
[White "Dudin, Gleb"]
[Black "Delchev, Aleksander"]
[Result "1/2-1/2"]
[ECO "A21"]
[WhiteElo "2386"]
[BlackElo "2548"]
[Annotator "Knez"]
[PlyCount "95"]
[EventDate "2020.??.??"]
[TimeControl "90"]
[WhiteClock "0:11:58"]
[BlackClock "0:01:35"]

1. d4 d6 2. c4 e5 3. Nf3 e4 4. Ng5 f5 5. Nc3 c6 6. Nh3 Be7 7. f3 Nf6 8. Bg5 O-O 9. e3 exf3 10. Qxf3 Ng4 11. Bf4 Bh4+ 12. Kd2 Na6 13. Bd3 Nb4 14. Bb1 Ne5 15. Qe2 Be6 16. b3 Ng6 17. Bg3 Bf6 18. a3 Na6 19. Bd3 c5 20.
Kc2 Nc7 21. d5 Bc8 22. Raf1 Bxc3 23. Kxc3 b5 24. Qh5 Qf6+ 25. Kc2 b4 26. axb4 Na6 27. Ng5 Nxb4+ 28. Kb1 h6 29. Ne4 Qd8 30. Qxg6 Nxd3 31. Bxd6 Qb6 32. Kc2 Rb8 33. Kxd3 Qxb3+ 34. Nc3 Ba6 35. Qe6+ Kh8 36. Rf4 Rf6 37. Rb1 Qxb1+ 38. Nxb1 Rxe6 39. dxe6 Rd8 40. Rxf5 Rxd6+ 41. Kc3 Rxe6 42. Rxc5 Rxe3+ 43. Kd2 Re4 44. Kd3 Rh4 45. Rc7 Rxh2 46. Rxa7 Bxc4+ 47. Kxc4 Rxg2 48. Nc3 1/2-1/2

[Event "I Liga Centralne Srbije"]
[Site "Bajina Bašta, Serbia"]
[Date "2020.10.14"]
[Round "7.6"]
[White "Radovanovic, Mihajlo"]
[Black "Djordjevic, Vuk"]
[Result "1-0"]
[ECO "A17"]
[WhiteElo "2457"]
[BlackElo "2347"]
[Annotator "Knez"]
[PlyCount "69"]
[EventDate "2020.??.??"]
[TimeControl "90"]
[WhiteClock "0:02:10"]
[BlackClock "0:24:29"]

1. Nf3 Nf6 2. c4 e6 3. Nc3 Bb4 4. Qc2 d6 5. a3 Bxc3 6.
Qxc3 O-O 7. e3 b6 8. Be2 Bb7 9. O-O Nbd7 10. b4 Ne4 11. Qc2 f5 12. d3 Ng5 13. Nxg5 Qxg5 14. f3 Qe7 15. d4 c5 16. Bb2 e5 17. d5 f4 18.
exf4 Rxf4 19. g3 Rf7 20. Bd3 g6 21. Rae1 Qg5 22. Re4 Raf8 23.
Bc1 Qe7 24. Bh6 Re8 25. Rg4 Nf8 26. h4 Kh8 27. h5 gxh5 28.
Bg5 Qc7 29. Rh4 Nd7 30. Rxh5 Rg8 31. Kg2 Bc8 32. Bxh7 Rxg5 33. Rxg5 Rxh7 34. Qxh7+ Kxh7 35. Rh1# 1-0

[Event "I Liga Centralne Srbije"]
[Site "Bajina Bašta, Serbia"]
[Date "2020.10.14"]
[Round "7.6"]
[White "Radovic, Janko"]
[Black "Topalov, Aleksandar"]
[Result "1/2-1/2"]
[ECO "C10"]
[WhiteElo "2433"]
[BlackElo "2228"]
[Annotator "Knez"]
[PlyCount "27"]
[EventDate "2020.??.??"]
[TimeControl "90"]
[WhiteClock "1:00:47"]
[BlackClock "0:28:26"]

1. e4 e6 2. d4 d5 3. Nc3 h6 4. Bd3 Nc6 5. Nf3 Nb4 6. Be2 Nf6 7. e5 Ne4 8. a3 Nxc3 9. bxc3 Nc6 10. O-O Na5 11. Be3 Bd7 12. Nd2 c5 13. f4 Qc7 14. Bd3 1/2-1/2

[Event "I Liga Centralne Srbije"]
[Site "Bajina Bašta, Serbia"]
[Date "2020.10.14"]
[Round "7.6"]
[White "Dezelin, Milan"]
[Black "Radovic, Luka"]
[Result "0-1"]
[ECO "D37"]
[WhiteElo "1984"]
[BlackElo "2334"]
[Annotator "Knez"]
[PlyCount "58"]
[EventDate "2020.??.??"]
[TimeControl "90"]

1. d4 d5 2. c4 e6 3. Nc3 Nf6 4. Nf3 Be7 5. Bf4 O-O 6. e3 c5 7. dxc5 Bxc5 8. Qc2 Nc6 9. a3 Re8 10. Rd1 e5 11. Bg5 d4 12. Nd5 Be7 13.
Nxe7+ Qxe7 14. e4 Bg4 15. Be2 h6 16. Bxf6 Qxf6 17. O-O Rac8 18. b4 Qe7 19. Qa4 b6 20. Rc1 d3 21. Bd1 Red8 22. c5 bxc5 23.
Rxc5 Bxf3 24. Rxc6 Bxe4 25. Rxc8 Rxc8 26. Re1 Qb7 27. Bg4 f5 28. Bh5 d2 29. Rd1 Bc2 0-1

[Event "I Liga Centralne Srbije"]
[Site "Bajina Bašta, Serbia"]
[Date "2020.10.14"]
[Round "7.6"]
[White "Zlatanovic, Boroljub"]
[Black "Dimitrijevic, Nenad"]
[Result "1/2-1/2"]
[ECO "A36"]
[WhiteElo "2372"]
[BlackElo "2142"]
[Annotator "Knez"]
[PlyCount "77"]
[EventDate "2020.??.??"]
[TimeControl "90"]

1. e4 c5 2. c4 Nc6 3. Nc3 g6 4. g3 Bg7 5. Bg2 e6 6. d3 Nge7 7. h4 h5 8. Bg5 d6 9. Qd2 a6 10. Nge2 Rb8 11. O-O b5 12. Rac1 Qd7 13. Rfe1 b4 14. Nd1 Nd4 15. Nxd4 Bxd4 16. Be3 Nc6 17. Bxd4 Nxd4 18. Ne3 Bb7 19. Nc2 Nxc2 20. Rxc2 e5 21. f4 Qe7 22. Rf1 exf4 23. Qxf4 O-O 24. Rcf2 Kg7 25. Qf6+ Qxf6 26. Rxf6 Rbd8 27. Bh3 a5 28. R1f4 Bc6 29. Kf2 Ba4 30. Ke3 Bc2 31. Rf1 Ba4 32. R1f2 Bd7 33. Bxd7 Rxd7 34. d4 Re8 35. Kd3 Re6 36. Rxe6 fxe6 37. Ke3 e5 38. d5 a4 39. Ke2 1/2-1/2